 Dungeon Crawl Stone Soup version 0.26.1-2-gb8aa6d0cf2 (webtiles) character file.

Game seed: 5370910547473021788

828 windgrace the Skirmisher (level 7, -1/75 HPs)
             Began as an Ogre Hunter on Feb 15, 2021.
             Slain by Hehehe's ghost (14 damage)
             ... on level 4 of the Dungeon.
             The game lasted 00:12:10 (6091 turns).

windgrace the Skirmisher (Ogre Hunter)              Turns: 6091, Time: 00:12:12

Health: -1/75      AC:  4    Str: 17    XL:     7   Next: 97%
Magic:  7/7        EV: 11    Int: 12    God:
Gold:   199        SH:  0    Dex: 11    Spells: 6/6 levels left

rFire    . . .     SeeInvis .   j - +4 short sword (venom)
rCold    . . .     Faith    .   (no shield)
rNeg     . . .     Spirit   .   b - +0 robe
rPois    .         Reflect  .   (helmet restricted)
rElec    .         Harm     .   r - +0 cloak
rCorr    .         Rampage  .   (gloves unavailable)
Will     .....                  (boots unavailable)
Stlth    +.........             (no amulet)
HPRegen  0.22/turn              (no ring)
MPRegen  0.10/turn              (no ring)

@: studying Slings
A: large, unfitting armour, tough skin 1
a: no special abilities


You were on level 4 of the Dungeon.
You visited 1 branch of the dungeon, and saw 4 of its levels.

You collected 199 gold pieces.

Inventory:

Hand Weapons
 a - a +0 short sword
 j - a +4 short sword of venom (weapon)
 n - a +3 quarterstaff of chaos
 o - a +0 mace
 B - a +0 hunting sling
Missiles
 c - 4 large rocks (quivered)
 d - 2 throwing nets
 h - 5 atropa-tipped darts
Armour
 b - a +0 robe (worn)
 r - a +0 cloak (worn)
Wands
 p - a wand of polymorph (1)
 t - a wand of flame (15)
 w - a wand of disintegration (8)
Scrolls
 e - 5 scrolls of remove curse {unknown}
 f - 7 scrolls of identify {unknown}
 g - 4 scrolls of teleportation {unknown}
 i - 2 scrolls of magic mapping {unknown}
 q - a scroll of fog {unknown}
 y - a scroll of enchant weapon {unknown}
Potions
 k - a potion of attraction {unknown}
 l - a potion of haste {unknown}
 m - 2 potions of heal wounds {unknown}
 s - a potion of degeneration {unknown}
 v - a potion of curing
 x - a potion of ambrosia {unknown}
 z - 3 potions of lignification {unknown}
 A - a potion of brilliance {unknown}
Books
 u - a manual of Slings


   Skills:
 - Level 6.0 Fighting
 + Level 5.7 Short Blades
 - Level 4.0 Throwing
 - Level 4.0 Dodging
 - Level 0.6 Stealth


You had 6 spell levels left.
You didn't know any spells.
Your spell library was empty.

Dungeon Overview and Level Annotations

Branches:
Dungeon (4/15)
 Temple: D:4-7

Altars:
Gozag
Hepliaklqana

Annotations:
D:4 Hehehe's ghost, novice DDFi


Innate Abilities, Weirdness & Mutations

You are too large for most types of armour.
You have tough skin. (AC +1)


Message History

You hit Hehehe's ghost.
Hehehe's ghost is lightly damaged.
Hehehe's ghost misses you.
You hit Hehehe's ghost but do no damage.
Hehehe's ghost is lightly damaged.
Hehehe's ghost hits you!
* * * LOW HITPOINT WARNING * * *
You closely miss Hehehe's ghost.
Hehehe's ghost is lightly damaged.
Hehehe's ghost hits you!
* * * LOW HITPOINT WARNING * * *
You feel better. Hehehe's ghost hits you.
* * * LOW HITPOINT WARNING * * *
Throw: 5 large rocks
Press: ? - help, Q - select action, (/) - cycle Shift-Dir - straight line, f - Hehehe's ghost
Aim: Hehehe's ghost (72% to hit)
You throw a large rock. The large rock hits Hehehe's ghost!!
Hehehe's ghost is moderately damaged.
Hehehe's ghost hits you!
You die...

##.......##.# #..#.##.###..#
##.......##.######..#.#...##..#
.......................#...#..#
##....#.###......†......#.##..#
#.....#.# #########...........#
..#..##.# ##...##.##..#
###..##.# ##.###.##..#
...<.##.#############....#....#
.....##.##....ZW@....####.##.##
.....##.##.#########.# #.##.#
.....##.##.#.).....#.# #.##.#
.....##.##†#..#.#..#.# #.##.#
...####....'...#[?!#.# #..#.#
........#..'....($.#.# ##.#.#
#..#######.'...#.!.#.# #.#.#
#..# #.#..#.#..#.# #.#.# #..#
#.#.......#.# #.#.####


You could see Hehehe's ghost and a hound skeleton.

Vanquished Creatures
  Grinder (D:3)
  A phantom (D:4)
  A scorpion (D:4)
  Crazy Yiuf (D:2)
  An orc priest (D:3)
  2 orc wizards (D:4)
  A centaur skeleton (D:3)
  An iguana (D:4)
  4 worker ants (D:4)
  Terence (D:2)
  Natasha (thrice) (D:3)
  2 gnolls (D:3)
  A worm (D:2)
  2 dart slugs
  3 leopard geckos
  7 orcs
  5 bats
  A bat zombie (D:1)
  5 giant cockroaches
  9 goblins
  6 hobgoblins
  15 jackals
  7 kobolds
  4 quokkas
  4 ball pythons
  5 frilled lizards
  A giant cockroach zombie (D:1)
  2 quokka skeletons (D:4)
  12 rats
108 creatures vanquished.

Notes
Turn   | Place    | Note
-------+----------+-------------------------------------------
     0 | D:1      | windgrace the Ogre Hunter began the quest for the Orb.
     0 | D:1      | Reached XP level 1. HP: 22/22 MP: 1/1
   191 | D:1      | Reached skill level 3 in Fighting
   237 | D:1      | Reached XP level 2. HP: 20/31 MP: 2/2
   574 | D:1      | Reached skill level 4 in Fighting
   687 | D:1      | Reached XP level 3. HP: 27/39 MP: 3/3
  2162 | D:2      | Reached XP level 4. HP: 15/48 MP: 4/4
  2551 | D:2      | Found a runed translucent door.
  2552 | D:2      | Noticed Crazy Yiuf
  2563 | D:2      | Killed Crazy Yiuf
  2905 | D:2      | Noticed Terence
  2916 | D:2      | Killed Terence
  2917 | D:2      | Reached XP level 5. HP: 49/55 MP: 5/5
  3034 | D:3      | Found an opulent altar of Gozag.
  3171 | D:3      | Noticed Grinder
  3191 | D:3      | Paralysed by Grinder for 7 turns
  3210 | D:3      | Killed Grinder
  3211 | D:3      | Reached skill level 6 in Fighting
  3211 | D:3      | Reached XP level 6. HP: 37/67 MP: 6/6
  3935 | D:3      | Noticed Natasha
  3940 | D:3      | Killed Natasha
  4075 | D:3      | Reached XP level 7. HP: 65/75 MP: 7/7
  4202 | D:3      | Noticed Natasha
  4211 | D:3      | Killed Natasha
  4458 | D:3      | Noticed Natasha
  4475 | D:3      | Killed Natasha
  4805 | D:4      | Reached skill level 5 in Short Blades
  5169 | D:4      | Found a hazy altar of Hepliaklqana.
  5725 | D:4      | Found a runed translucent gate.
  5725 | D:4      | Found a runed translucent gate.
  5728 | D:4      | Found a runed translucent gate.
  5734 | D:4      | Noticed Hehehe's ghost (novice DDFi)
  6091 | D:4      | Slain by Hehehe's ghost

Illustrated notes

Levels and vault maps discovered:
D:1:      saegor_arrival_fortress, layout_basic, serial_rivers,
          chequers_serial_rivers_large_a, chequers_serial_rivers_small_3,
          chequers_serial_rivers_room_a, chequers_serial_rivers_micro_c
D:2:      layout_rooms, uniq_terence, uniq_crazy_yiuf_cottage
D:3:      layout_basic, grunt_gozag_statues, uniq_natasha, uniq_grinder
D:4:      layout_loops_ring, marbit_many_paths, gammafunk_ghost_split,
          minivault_4, minmay_manual_moon

Skill      XL: |  1  2  3  4  5  6  7 |
---------------+----------------------+-----
Dodging        | 2 3 4 |  4.0
Fighting       | 3 4 6 |  6.0
Short Blades   | 2 3 5 |  5.7
Throwing       | |  4.0
Stealth        | |  0.6

Action                   |  1- 3 |  4- 6 |  7- 9 || total
-------------------------+-------+-------+-------++-------
Melee: Short sword       |   161 |    63 |   118 ||   342
       Quarterstaff      |       |    28 |       ||    28
       Unarmed           |       |    13 |       ||    13
Throw: Large rock        |     1 |       |     1 ||     2
  Use: Potion            |       |       |     1 ||     1
 Stab: Sleeping          |     3 |     3 |     1 ||     7
Armor: Robe              |    47 |    14 |    15 ||    76
Dodge: Dodged            |    80 |    43 |    39 ||   162
